 Dungeon Crawl Stone Soup version 0.22-a0-368-g870eee8 (webtiles) character file.

51 dstrtnsr the Firebug (level 3, -5/25 HPs)
             Began as a Gnoll Fire Elementalist on Apr 23, 2018.
             Slain by Pikel
             ... wielding a +0 whip of freezing
              (6 damage)
             ... while paralysed by Pikel
             ... on level 4 of the Dungeon.
             The game lasted 00:04:46 (508 turns).

dstrtnsr the Firebug (Gnoll Fire Elementalist)       Turns: 508, Time: 00:04:47

Health: -5/25      AC:  3    Str: 10    XL:     3   Next: 81%
Magic:  9/9        EV:  2    Int: 18    God:
Gold:   72         SH:  0    Dex: 15    Spells: 7/12 levels left

rFire    . . .     SeeInvis .   m - +1 rapier of Kapt {protect, rElec rC+, !w} (curse)
rCold    + . .     Gourm    .   (no shield)
rNeg     . . .     Faith    .   a - +0 robe
rPois    .         Spirit   .   (no helmet)
rElec    +         Reflect  .   (no cloak)
rCorr    .         Harm     .   l - +0 pair of gloves
MR       .....                  (no boots)
Stlth    +++.......             (no amulet)
HPRegen  0.08/turn              (no ring)
MPRegen  0.11/turn              (no ring)

@: paralysed
A: distributed training, fangs 1, strong nose
a: no special abilities


You were on level 4 of the Dungeon.
You were not hungry.

You visited 1 branch of the dungeon, and saw 4 of its levels.

You collected 72 gold pieces.

Inventory:

Hand Weapons
 h - a +0 dagger of venom
 m - the cursed +1 rapier of Kapt (weapon) {protect, rElec rC+, !w}
   (You found it on level 4 of the Dungeon)

   It protects the one who uses it against injury (+AC on strike).
   It protects you from cold.
   It insulates you from electricity.
   It has a curse placed upon it.
Missiles
 b - 2 throwing nets (quivered) {!f}
 f - 18 arrows
Armour
 a - a +0 robe (worn)
 l - a +0 pair of gloves (worn)
Scrolls
 d - a scroll of magic mapping {unknown}
 e - a scroll of teleportation {!d}
 i - a scroll of remove curse {unknown}
 k - a scroll of enchant armour {unknown}
Potions
 g - 2 potions of heal wounds {unknown}
 j - 2 potions of lignification {unknown}
Comestibles
 c - 6 rations {!d}


   Skills:
 + Level 0.9 Fighting
 + Level 0.9 Short Blades
 + Level 0.9 Long Blades
 + Level 0.9 Axes
 + Level 0.9 Maces & Flails
 + Level 0.9 Polearms
 + Level 0.9 Staves
 + Level 0.9 Slings
 + Level 0.9 Bows
 + Level 0.9 Crossbows
 + Level 0.9 Throwing
 + Level 0.9 Armour
 + Level 4.5 Dodging
 + Level 4.2 Stealth
 + Level 0.9 Shields
 + Level 0.9 Unarmed Combat
 + Level 5.0 Spellcasting
 + Level 2.1 Conjurations
 + Level 0.6 Hexes
 + Level 0.6 Charms
 + Level 0.6 Summonings
 + Level 0.6 Necromancy
 + Level 0.6 Translocations
 + Level 0.6 Transmutations
 + Level 5.4 Fire Magic
 + Level 0.6 Ice Magic
 + Level 0.6 Air Magic
 + Level 0.6 Earth Magic
 + Level 0.6 Poison Magic
 + Level 1.0 Invocations
 + Level 0.9 Evocations


You had 7 spell levels left.
You knew the following spells:

 Your Spells              Type           Power        Failure   Level  Hunger
a - Flame Tongue          Conj/Fire      ###..        2%          1    None
s - Animate Skeleton      Necr           N/A          11%         1    None
v - Vampiric Draining     Necr           #.........   30%         3    ##.....


Dungeon Overview and Level Annotations

Branches:
Dungeon (4/15)
 Temple: D:4-7

Altars:
Uskayaw

Annotations:
D:4 Pikel, Sigmund


Innate Abilities, Weirdness & Mutations

Your experience applies equally to all skills.
You have very sharp teeth.
Your uncanny sense of smell can sniff out nearby items.


Message History

The adder bites you.
Huge Dmg: -20%(-5hp) hp: 56%(14hp)
Casting: Flame Tongue (safe; 2% risk of failure)
Confirm with . or Enter, or press ? or * to list all spells.
Aiming: Flame Tongue (safe; 2% risk of failure)
Press: ? - help, Shift-Dir - straight line, f/p - adder
Aim: an adder (severely wounded)
The flame tongue hits the adder.
You kill the adder!
You feel sick.
Damage: -4%(-1hp) hp: 52%(13hp)
You feel sick.
Damage: -4%(-1hp) hp: 48%(12hp)
You see here a ration {!d}.
c - 5 rations {!d} (gained 1)
You feel sick.
Damage: -4%(-1hp) hp: 48%(12hp)
You see here a book of Necromancy.
You pick up a book of Necromancy and begin reading...
You add the spells Pain, Animate Skeleton, Vampiric Draining, Regeneration and Animate Dead to your library.
Memorise Vampiric Draining, consuming 3 spell levels and leaving 8?
You start memorising the spell.
You continue memorising.
You feel sick.
You continue memorising. x2
You finish memorising.
Spell assigned to 'b'.
Damage: -4%(-1hp) hp: 44%(11hp)
Okay, then.
Unknown command.
Adjust (i)tems, (s)pells, or (a)bilities?
Adjust which spell? b - Vampiric Draining Adjust to which letter? v - Vampiric Draining Memorise Animate Skeleton, consuming 1 spell level and leaving 7?
You start memorising the spell.
You continue memorising.
You feel sick.
You are no longer poisoned.
You finish memorising.
Spell assigned to 'b'.
Damage: -4%(-1hp) hp: 40%(10hp) Adjust (i)tems, (s)pells, or (a)bilities?
Adjust which spell? b - Animate Skeleton Adjust to which letter? s - Animate Skeleton (m)acro, (M)acro raw, keymap [(k) default, (x) level-map, (t)argeting, (c)onfirm, m(e)nu], (s)ave?
Input macro trigger key: 1 Current Action: zk Do you wish to (r)edefine, (c)lear, or (a)bort?
Input macro action: zs Created macro '1' => 'zs'.
You're too inexperienced to learn that spell!
Unknown command.
Found a centaur barding.
Found a ration.
You see here a ration {!d}.
c - 6 rations {!d} (gained 1)
Found a hide-covered altar of Uskayaw. 2 slaves come into view.
The slave shouts!
You hear a shout! x2
Found an ancient rapier.
Pikel the Slaver comes into view.
He is wielding a whip of freezing.
Casting: Flame Tongue (safe; 2% risk of failure)
Confirm with . or Enter, or press ? or * to list all spells.
Okay, then.
Unknown command.
Unknown command.
A slave comes into view.
The slave shouts!
You see here an ancient rapier {!w}.
Unknown command.
m - an ancient rapier {!w} Wield which item (- for none, * to show all)? (? for menu, Esc to quit)
Really wield
m - an ancient rapier {!w}?
Okay, then.
Unknown command.
Wield which item (- for none, * to show all)? (? for menu, Esc to quit)
Really wield
m - an ancient rapier {!w}?
Your +0 dagger of venom stops dripping with poison.
The cursed +1 rapier of Kapt {protect, rElec rC+, !w} hums with potential!
It sticks to your hand!
m - the cursed +1 rapier of Kapt (weapon)
{protect, rElec rC+, !w} The slave hits you.
* * * LOW HITPOINT WARNING * * *
Huge Dmg: -12%(-3hp) hp: 40%(10hp) Unknown command.
Unknown command.
Pikel zaps a wand.
You suddenly lose the ability to move!
It is a wand of paralysis (10).
A slave comes into view.
The slave shouts!
You hear a shout!
The slave hits you.
* * * LOW HITPOINT WARNING * * *
The slave hits you.
* * * LOW HITPOINT WARNING * * *
Pikel hits you but does no damage. The slave hits you.
* * * LOW HITPOINT WARNING * * *
Pikel cracks his whip.
Pikel hits you with a whip of freezing.
You die...

..........##.........#.#
.........#.#...#......_.
#......##.#..........#.#
.#.[..#.##.....#.p#....#
#.#..#.#.#.....#..###...
.##..##.#.........## #..
# ...##.........p.# #.
.. ...........pK#..# ...
........p@##.... ##.
#.........# ...# . #.
.#........# .##
.#.......# # #........
.#....### #.#... .##...
.


You could see Pikel and 4 slaves.

Vanquished Creatures
  A howler monkey skeleton (D:4)
  2 adders
  A dart slug (D:2)
  3 leopard geckos (D:1)
  A bat (D:2)
  2 giant cockroaches
  3 goblins
  A hobgoblin (D:1)
  3 frilled lizards
  3 rats (D:1)
20 creatures vanquished.

Notes
Turn   | Place    | Note
-------+----------+-------------------------------------------
     0 | D:1      | dstrtnsr the Gnoll Fire Elementalist began the quest for the Orb.
     0 | D:1      | Reached XP level 1. HP: 13/13 MP: 6/6
   109 | D:2      | Reached XP level 2. HP: 19/19 MP: 5/7
   169 | D:2      | HP: 7/20 [adder (5)]
   170 | D:2      | Reached XP level 3. HP: 9/25 MP: 0/9
   177 | D:2      | HP: 6/25 [poisoned by an adder]
   198 | D:2      | Reached skill level 5 in Spellcasting
   374 | D:4      | Noticed Sigmund
   389 | D:4      | Reached skill level 1 in Invocations
   465 | D:4      | Learned a level 3 spell: Vampiric Draining
   466 | D:4      | HP: 10/25 [poisoned by an adder]
   467 | D:4      | Learned a level 1 spell: Animate Skeleton
   490 | D:4      | Found a hide-covered altar of Uskayaw.
   491 | D:4      | Noticed a slave
   491 | D:4      | Noticed a slave
   492 | D:4      | Noticed Pikel
   497 | D:4      | Noticed a slave
   499 | D:4      | Got an ancient rapier {!w}
   500 | D:4      | Identified the cursed +1 rapier of Kapt {protect, rElec rC+, !w} (You found it on level 4 of the Dungeon)
   500 | D:4      | HP: 10/25 [slave[Pikel] (3)]
   502 | D:4      | Paralysed by Pikel for 7 turns
   503 | D:4      | Noticed a slave
   508 | D:4      | HP: 1/25 [slave[Pikel] (5)]
   508 | D:4      | Slain by Pikel

Vault maps used:
D:1:      scummos_arrival_checkerplants
D:3:      lemuel_coloured_pillars_altar, hangedman_decor_clover_reticule
D:4:      kennysheep_mini, lemuel_crystal_altar, first_ration,
          minmay_misc_feat_secret_circle, uniq_ijyb, uniq_pikel,
          uniq_blork_the_orc, uniq_sigmund

Skill      XL: |  1  2  3 |
---------------+----------+-----
Conjurations   | 2 |  2.1
Spellcasting   | 5 |  5.0
Invocations    | 1 |  1.0
Fighting       | |  0.9
Short Blades   | |  0.9
Long Blades    | |  0.9
Axes           | |  0.9
Maces & Flails | |  0.9
Polearms       | |  0.9
Staves         | |  0.9
Slings         | |  0.9
Bows           | |  0.9
Crossbows      | |  0.9
Throwing       | |  0.9
Armour         | |  0.9
Dodging        | |  4.5
Stealth        | |  4.2
Shields        | |  0.9
Unarmed Combat | |  0.9
Hexes          | |  0.6
Charms         | |  0.6
Summonings     | |  0.6
Necromancy     | |  0.6
Translocations | |  0.6
Transmutations | |  0.6
Fire Magic     | |  5.4
Ice Magic      | |  0.6
Air Magic      | |  0.6
Earth Magic    | |  0.6
Poison Magic   | |  0.6
Evocations     | |  0.9

Action                   || total
-------------------------++-------
Melee: Unarmed           ||     1
       Dagger            ||     9
       Bite              ||     1
 Cast: Flame Tongue      ||    33
  Use: Scroll            ||     1
Armor: Robe              ||     1
Dodge: Dodged            ||    11

Table legend:
 A = Spawn XP
 B = Non-spawn XP
 C = Spawn XP percentage of total XP
 D = Spawn monster count
 E = Non-spawn monster count
 F = Spawn count percentage of total count
 G = Total turns spent on level
                    A         B        C        D         E        F      G
               +---------+---------+-------+---------+---------+-------+---------
         Total |       0 |      73 |   0.0 |       0 |      20 |   0.0 |   508
               +---------+---------+-------+---------+---------+-------+---------
           D:1 |       0 |      17 |   0.0 |       0 |       9 |   0.0 |    83
           D:2 |       0 |      26 |   0.0 |       0 |       7 |   0.0 |   201
           D:3 |       0 |       3 |   0.0 |       0 |       2 |   0.0 |    72
           D:4 |       0 |      27 |   0.0 |       0 |       2 |   0.0 |   152
               +---------+---------+-------+---------+---------+-------+---------
